 Dungeon Crawl Stone Soup version 0.28.0-56-g4927b6849a (webtiles) character file.

Game seed: 6721375697664940856

149 mopl the Bolt Thrower (level 5, -1/45 HPs)
             Began as a Hill Orc Hunter on Feb 10, 2023.
             Slain by Grinder (2 damage)
             ... while paralysed by Grinder
             ... on level 3 of the Dungeon.
             The game lasted 00:03:03 (2555 turns).

mopl the Bolt Thrower (Hill Orc Hunter)             Turns: 2555, Time: 00:03:03

Health: -1/45      AC:  5    Str: 17    XL:     5   Next: 31%
Magic:  5/5        EV:  2    Int: 11    God:
Gold:   102        SH:  0    Dex: 11    Spells: 4/4 levels left

rFire   . . .      SeeInvis .   a - +1 hand crossbow
rCold   . . .      Faith    .   (no shield)
rNeg    . . .      Spirit   .   f - +0 ring mail
rPois   .          Reflect  .   (no helmet)
rElec   .          Harm     .   (no cloak)
rCorr   .          Rampage  .   (no gloves)
Will    .....                   (no boots)
Stlth   +.........              (no amulet)
HPRegen 0.15/turn               (no ring)
MPRegen 0.09/turn               (no ring)

@: paralysed
A: no striking features
a: no special abilities


You were on level 3 of the Dungeon.
You visited 1 branch of the dungeon, and saw 3 of its levels.

You collected 102 gold pieces.

Inventory:

Hand Weapons
 a - a +1 hand crossbow (weapon)
 b - a +4 dagger
 h - a +0 short sword
Missiles
 d - 32 bolts (quivered ammo)
 j - 6 poisoned darts
Armour
 c - a +0 leather armour
 f - a +0 ring mail (worn)
Scrolls
 e - a scroll of fear {unknown}
 l - a scroll of vulnerability {unknown}
 n - a scroll of magic mapping {unknown}
 o - a scroll of enchant weapon {unknown}
 q - a scroll of teleportation {unknown}
Potions
 g - a potion of magic {unknown}
 i - a potion of resistance {unknown}
 k - 2 potions of mutation {unknown}
 m - 2 potions of brilliance {unknown}
 p - a potion of ambrosia {unknown}
 r - a potion of flight {unknown}


   Skills:
 + Level 3.5 Fighting
 * Level 4.6 Crossbows
 + Level 2.1 Armour
 + Level 2.3 Dodging
 - Level 0.7 Stealth


You had 4 spell levels left.
You didn't know any spells.
Your spell library contained the following spells:

 Spells                   Type           Power      Damage    Failure   Level
 Sandblast                Erth           0%         2d4       54%         1
 Gell's Gravitas          Tloc           0%         N/A       88%         3
 Lesser Beckoning         Tloc           0%         N/A       88%         3
 Teleport Other           Tloc           0%         N/A       88%         3
 Animate Armour           Summ/Erth      0%         N/A       99%         4
 Summon Ice Beast         Ice/Summ       0%         N/A       99%         4


Dungeon Overview and Level Annotations

Branches:
Dungeon (3/15)

Altars:

Shops:
D:3 =

Annotations:
D:3 Grinder


Message History

You are too injured to fight recklessly!
Fire: 36 bolts
Press: ? - help, Q - select action, (/) - cycle Shift-Dir - straight line, f/p - Grinder
Aim: Grinder (moderately wounded, 61% to hit)
You shoot a bolt. The bolt barely misses Grinder.
Grinder hits you.
You writhe in agony.
* * * LOW HITPOINT WARNING * * *
You aren't carrying any items that you can evoke.
Okay, then.
Okay, then.
Fire: 35 bolts
Press: ? - help, Q - select action, (/) - cycle Shift-Dir - straight line, f/p - Grinder
Aim: Grinder (moderately wounded, 61% to hit)
You shoot a bolt. The bolt hits Grinder.
Grinder is moderately wounded.
Grinder says, "What is the universe for?"
Grinder barely misses you. Grinder hits you.
* * * LOW HITPOINT WARNING * * *
You writhe in agony.
* * * LOW HITPOINT WARNING * * *
Fire: 34 bolts
Press: ? - help, Q - select action, (/) - cycle Shift-Dir - straight line, f/p - Grinder
Aim: Grinder (moderately wounded, 61% to hit)
You shoot a bolt. The bolt hits Grinder!
Grinder is severely wounded.
Grinder hits you.
* * * LOW HITPOINT WARNING * * *
You writhe in agony.
* * * LOW HITPOINT WARNING * * *
Fire: 33 bolts
Press: ? - help, Q - select action, (/) - cycle Shift-Dir - straight line, f/p - Grinder
Aim: Grinder (severely wounded, 61% to hit)
You shoot a bolt. The bolt closely misses Grinder.
Grinder gestures at you.
You suddenly lose the ability to move!
Grinder hits you but does no damage. Grinder hits you.
* * * LOW HITPOINT WARNING * * *
You writhe in agony.
You die...

............
............
#............
#............
#............
#............ #
#............
#.######............
#..@5.(...(.........
########............
#.......$....
#............
###............
#..............
#..............
#..............
###............


You could see Grinder.

Vanquished Creatures
  Jessica (D:2)
  Natasha (D:3)
  An orc wizard (D:2)
  An adder (D:3)
  A worm (D:2)
  2 dart slugs (D:1)
  3 orcs
  5 ball pythons
  5 endoplasms
  3 giant cockroaches (D:1)
  2 goblins
  4 hobgoblins
  3 jackals (D:1)
  4 kobolds
  A quokka (D:1)
  8 bats
  5 frilled lizards
  5 rats
55 creatures vanquished.

Notes
Turn   | Place    | Note
-------+----------+-------------------------------------------
     0 | D:1      | mopl the Hill Orc Hunter began the quest for the Orb.
     0 | D:1      | Reached XP level 1. HP: 18/18 MP: 1/1
    83 | D:1      | Reached XP level 2. HP: 19/25 MP: 2/2
   282 | D:1      | Reached skill level 1 in Armour
   505 | D:1      | Reached XP level 3. HP: 28/30 MP: 3/3
   531 | D:1      | Reached skill level 4 in Crossbows
   768 | D:1      | Got the Catalogue of Stones and Summoning
  1113 | D:2      | Reached skill level 3 in Fighting
  1254 | D:2      | Reached skill level 2 in Dodging
  1267 | D:2      | Noticed Jessica
  1273 | D:2      | Killed Jessica
  1274 | D:2      | Reached XP level 4. HP: 26/38 MP: 4/4
  1936 | D:3      | Found Ihimadea's Jewellery Shop.
  2195 | D:3      | Noticed Natasha
  2209 | D:3      | Killed Natasha
  2210 | D:3      | Reached skill level 2 in Armour
  2210 | D:3      | Reached XP level 5. HP: 11/45 MP: 5/5
  2435 | D:3      | Found a faded altar of an unknown god.
  2519 | D:3      | Noticed Grinder
  2553 | D:3      | Paralysed by Grinder for 5 turns
  2555 | D:3      | HP: 1/45 [Grinder (6)]
  2555 | D:3      | Slain by Grinder

Illustrated notes

Levels and vault maps discovered:
D:1:      dpeg_arrival_simpleton_b, layout_basic
D:2:      layout_loops_ring, minivault_26, uniq_jessica
D:3:      layout_basic, serial_shops, shop,
          shapermc_ecumenical_altar_totnotflames, uniq_sigmund, uniq_grinder,
          uniq_natasha

Skill      XL: |  1  2  3  4 |
---------------+-------------+-----
Armour         | 1 2 |  2.1
Crossbows      | 4 |  4.6
Fighting       | 3 |  3.5
Dodging        | 2 |  2.3
Stealth        | |  0.7

Action                   |  1- 3 |  4- 6 || total
-------------------------+-------+-------++-------
Melee: Short sword       |    97 |       ||    97
       Punch             |     1 |       ||     1
       Dagger            |    31 |    89 ||   120
 Fire: Hand crossbow     |       |    19 ||    19
Armor: Leather armour    |     2 |       ||     2
       Ring mail         |    42 |    58 ||   100
Dodge: Dodged            |   107 |    56 ||   163
